 Dungeon Sprint DCSS version 0.29-a0-284-gf9362112df (webtiles) character file.

Game seed: 18109933183522678519

1269 mhtbhm the Spear-Bearer (level 8, -6/94 HPs)
             Began as a Minotaur Berserker on Mar 28, 2022.
             Was an Elder of Trog.
             Mangled by Erica
             ... wielding a +1 scimitar of flaming
              (13 damage)
             ... in the Dungeon (Sprint III: "The Ten Rune Challenge").
             The game lasted 00:01:31 (848 turns).

mhtbhm the Spear-Bearer (Minotaur Berserker)         Turns: 848, Time: 00:01:32

Health: -6/94      AC:  5    Str: 26    XL:     8   Next: 28%
Magic:  7/7        EV: 13    Int:  6    God:    Trog [****..]
Gold:   44         SH:  0    Dex: 10    Spells: 7/7 levels left

rFire   . . .      SeeInvis .   a - +0 spear
rCold   . . .      Faith    .   (no shield)
rNeg    . . .      Spirit   .   b - +0 animal skin
rPois   .          Reflect  .   (helmet restricted)
rElec   .          Harm     .   j - +0 cloak
rCorr   .          Rampage  .   (no gloves)
Will    .....      NoTele   +   p - +0 pair of boots
Stlth   ++........              (no amulet)
HPRegen 0.25/turn               (no ring)
MPRegen 0.10/turn               (no ring)

@: on berserk cooldown, slowed, very slow
A: horns 2, retaliatory headbutt, clever 1, robust 1, strong 1
a: Renounce Religion, Berserk, Trog's Hand, Brothers in Arms


You were in the Dungeon.
You worshipped Trog.
Trog was greatly pleased with you.
You visited 1 branch You collected 44 gold pieces.

Inventory:

Hand Weapons
 a - a +0 spear (weapon)
Armour
 b - a +0 animal skin (worn)
 j - a +0 cloak (worn)
 p - a +0 pair of boots (worn)
Scrolls
 h - a scroll of blinking
 i - a scroll of summoning {unknown}
 l - 2 scrolls of holy word {unknown}
 m - 3 scrolls of identify
Potions
 e - a potion of haste
 f - 2 potions of magic
 g - a potion of berserk rage
 k - 2 potions of mutation
 n - a potion of resistance {unknown}
 o - 2 potions of flight {unknown}
Miscellaneous
 q - a tin of tremorstones (2/2)


   Skills:
 + Level 13.5 Fighting
 + Level 14.4 Polearms
 + Level 7.6 Armour
 + Level 6.4 Dodging
 + Level 2.7 Stealth


You had 7 spell levels left.
You didn't know any spells.
Your spell library was empty.

Dungeon Overview and Level Annotations

Branches:
Dungeon (1/1)

Altars:
Cheibriados
Dithmenos
Elyvilon
Fedhas
Gozag
Hepliaklqana
Kikubaaqudgha
Makhleb
Nemelex Xobeh
Okawaru
Qazlal
Ru
Sif Muna
Trog
Uskayaw
Vehumet
Wu Jian
Xom
Yredelemnul
Zin
The Shining One
Beogh
Jiyva
Lugonu

Annotations:
D Erica


Innate Abilities, Weirdness & Mutations

You have a pair of horns on your head.
You reflexively headbutt those who attack you in melee.
Your mind is acute. (Int +2)
You are robust. (+10% HP)
Your muscles are strong. (Str +2)


Message History

You hit something. Your headbutt misses something.
You feel sick.
You feel sick. Something barely misses you.
You feel a strong urge to attack something.
You feel sick.
You bump into the unnaturally hard rock wall.
You feel sick. Something hits you. Something burns you.
You bump into the unnaturally hard rock wall.
You feel your anger nearly subside.
You are no longer berserk.
You are exhausted.
You feel yourself slow down.
You feel sick. Something hits you!
* * * LOW HITPOINT WARNING * * *
Something burns you.
* * * LOW HITPOINT WARNING * * *
You feel better.
You hear some strange, mumbled words.
A lance of force appears from out of thin air!
The lance of force hits you!
* * * LOW HITPOINT WARNING * * *
You are knocked back by the lance of force.
You slam into the stone wall!
* * * LOW HITPOINT WARNING * * *
You feel much better. Something hits you!
* * * LOW HITPOINT WARNING * * *
Something burns you!
* * * LOW HITPOINT WARNING * * *
Something barely misses you.
Unknown command.
You feel better. Something hits you!
* * * LOW HITPOINT WARNING * * *
Something burns you.
* * * LOW HITPOINT WARNING * * *
Unknown command.
Your deep troll goes berserk!
Trog will no longer gift you weapons. Something hits you!
* * * LOW HITPOINT WARNING * * *
Something burns you.
* * * LOW HITPOINT WARNING * * *
Something hits you!
You die...

..###'#†###'##
..#..........#
..'.⌠........#
..#...######'#
..#.⌠.#__#...#+#####
..#...#__#...#..§≈§+
..#)###__#...#.#§§T#
..#.:.#__#...'.#§§§#
..#___#__'...#.#@{§#
▓▓▓▓▓▓▓▓▓▓▓▓▓▓▓▓▓▓▓▓


You could see a friendly deep troll (summoned, berserk).

Vanquished Creatures
  A deep elf pyromancer (D)
  A shadow (D)
  A spatial vortex (D)
  A necrophage (D)
  A water elemental (D)
  A jelly (D)
  Crazy Yiuf (D)
  A wizard (D)
  Jessica (D)
  A necromancer (D)
  3 humans (D)
  A kobold demonologist (D)
  3 rats (D)
17 creatures vanquished.

Notes
Turn   | Place    | Note
-------+----------+-------------------------------------------
     0 | D        | mhtbhm the Minotaur Berserker began the quest for the Orb.
     0 | D        | Reached XP level 1. HP: 19/19 MP: 0/0
    12 | D        | Reached skill level 4 in Polearms
    28 | D        | Reached ** piety under Trog
    36 | D        | Noticed Jessica
    49 | D        | Killed Jessica
    50 | D        | Reached skill level 5 in Fighting
    50 | D        | Reached skill level 5 in Polearms
    50 | D        | Reached XP level 2. HP: 17/30 MP: 1/1
   222 | D        | Noticed Crazy Yiuf
   237 | D        | Reached skill level 6 in Polearms
   237 | D        | Reached XP level 3. HP: 38/38 MP: 2/2
   241 | D        | Killed Crazy Yiuf
   242 | D        | Reached skill level 7 in Polearms
   242 | D        | Reached XP level 4. HP: 47/47 MP: 3/3
   321 | D        | Gained mutation: You are robust. (+10% HP) [potion of
                  | mutation]
   321 | D        | Gained mutation: Your muscles are strong. (Str +2) [potion
                  | of mutation]
   321 | D        | Gained mutation: Your mind is acute. (Int +2) [potion of
                  | mutation]
   326 | D        | Noticed a water elemental
   330 | D        | Killed a water elemental
   330 | D        | Reached *** piety under Trog
   331 | D        | Reached skill level 8 in Polearms
   331 | D        | Reached skill level 1 in Stealth
   375 | D        | Found a basalt altar of Yredelemnul.
   375 | D        | Found a shadowy altar of Dithmenos.
   375 | D        | Found a sacrificial altar of Ru.
   375 | D        | Noticed a necrophage
   379 | D        | Killed a necrophage
   380 | D        | Reached skill level 9 in Polearms
   380 | D        | Reached XP level 5. HP: 62/62 MP: 4/4
   383 | D        | Reached skill level 5 in Armour
   427 | D        | Found a glowing silver altar of Zin.
   427 | D        | Found a glowing golden altar of the Shining One.
   427 | D        | Found a white marble altar of Elyvilon.
   428 | D        | Noticed a deep elf pyromancer
   432 | D        | Killed a deep elf pyromancer
   432 | D        | Reached **** piety under Trog
   433 | D        | Reached skill level 12 in Polearms
   433 | D        | Reached skill level 5 in Dodging
   433 | D        | Reached XP level 6. HP: 77/77 MP: 5/5
   433 | D        | Reached XP level 7. HP: 82/82 MP: 6/6
   477 | D        | Found a radiant altar of Vehumet.
   477 | D        | Found a shimmering blue altar of Sif Muna.
   477 | D        | Found an ancient bone altar of Kikubaaqudgha.
   517 | D        | Found a hide-covered altar of Uskayaw.
   517 | D        | Found an iron altar of Okawaru.
   517 | D        | Found a bloodstained altar of Trog.
   517 | D        | Found an ornate altar of the Wu Jian Council.
   517 | D        | Noticed a human
   517 | D        | Noticed a human
   524 | D        | Killed a human
   525 | D        | Reached skill level 13 in Polearms
   526 | D        | Killed a human
   526 | D        | Reached ***** piety under Trog
   588 | D        | Reached XP level 8. HP: 68/93 MP: 7/7
   683 | D        | Reached skill level 14 in Polearms
   802 | D        | Found a blossoming altar of Fedhas.
   802 | D        | Found a stormy altar of Qazlal.
   802 | D        | Found a snail-covered altar of Cheibriados.
   802 | D        | Found a burning altar of Makhleb.
   802 | D        | Found a shimmering altar of Xom.
   803 | D        | Found a hazy altar of Hepliaklqana.
   803 | D        | Found an opulent altar of Gozag.
   803 | D        | Found a sparkling altar of Nemelex Xobeh.
   803 | D        | Found a corrupted altar of Lugonu.
   803 | D        | Found a viscous altar of Jiyva.
   832 | D        | Noticed Erica
   848 | D        | Mangled by Erica

Illustrated notes

Levels and vault maps discovered:
D:        dungeon_sprint_mu [sprint_mu_entry_cave, sprint_mu_temple_rooms,
          sprint_mu_d1_horrors, sprint_mu_d2_genie, sprint_mu_d3_branching,
          sprint_mu_orc_legion, sprint_mu_elf_gauntlet, sprint_mu_hive_nellie,
          sprint_mu_lair_fedhas, sprint_mu_vaults_butterflies,
          sprint_mu_slime_circle, sprint_mu_swamp_cave, sprint_mu_snake_twists,
          sprint_mu_blade_basic, sprint_mu_crypt_chambers,
          sprint_mu_tomb_spiral, sprint_mu_vestibule_basic,
          sprint_mu_gehenna_hellfire, sprint_mu_dis_giant,
          sprint_mu_tartarus_statrot, sprint_mu_cocytus_islands, sprint_mu_zot1]

Skill      XL: |  1  2  3  4  5  6  7  8 |
---------------+-------------------------+-----
Fighting       | 5 6 7 9 11 12 13 | 13.5
Polearms       | 5 6 7 9 12 13 14 | 14.4
Armour         | 3 4 6 7 |  7.6
Dodging        | 3 4 5 6 |  6.4
Stealth        | 1 2 |  2.7

Action                   |  1- 3 |  4- 6 |  7- 9 || total
-------------------------+-------+-------+-------++-------
Melee: Spear             |    22 |    12 |    40 ||    74
       Headbutt          |     2 |     3 |     3 ||     8
       Punch             |       |       |     1 ||     1
Invok: Berserk           |     2 |     3 |     3 ||     8
       Brothers in Arms  |       |       |     1 ||     1
  Use: Potion            |       |     1 |     3 ||     4
 Stab: Sleeping          |     1 |       |       ||     1
Dodge: Dodged            |    11 |     6 |     6 ||    23

Table legend: (Time is in decaauts)
 A = Elapsed time spent in this place.
 B = Non-inter-level travel time spent in this place.
 C = Inter-level travel time spent in this place.
 D = Time resting spent in this place.
 E = Time spent auto-exploring this place.
 F = Levels seen in this place.
 G = Mean time per level.
                   A        B        C        D        E       F      G
               +--------+--------+--------+--------+--------+-----+--------+
         Total |    883 |    883 |      0 |    627 |     36 |   1 |  883.0 |
       Dungeon |    883 |    883 |      0 |    627 |     36 |   1 |  883.0 |
               +--------+--------+--------+--------+--------+-----+--------+

Top non-repeatable levels by time:
       D: 883 daAuts
